 Dungeon Crawl Stone Soup version 0.30-a0-743-gbfdf073431 (webtiles) character file.

Game seed: 4616841228497376691

267 tilp the Slasher (level 6, -2/52 HPs)
             Began as a Meteoran Fighter on Feb 7, 2023.
             Was a Follower of Okawaru.
             Slain by a mummy (9 damage)
             ... in an ossuary.
             The game lasted 00:04:32 (886 turns).

tilp the Slasher (Meteoran Fighter)                  Turns: 886, Time: 00:04:32

Health: -2/52      AC: 10    Str: 17    XL:     6   Next: 74%
Magic:  8/8        EV: 10    Int: 11    God:    Okawaru [*.....]
Gold:   127        SH:  5    Dex: 15    Spells: 5/5 levels left

rFire   . . .      SeeInvis .    a - +1 long sword (chaos)
rCold   . . .      Faith    .    c - +0 buckler
rNeg    . . .      Spirit   .    h - +0 scale mail
rPois   .          Reflect  .    f - +0 helmet
rElec   .          Harm     .    (no cloak)
rCorr   .          Rampage  .    i - +0 pair of gloves
Will    .....                    m - +0 pair of boots
Stlth   +                        (no amulet)
HPRegen 0.28/turn                (no ring)
MPRegen 0.11/turn                (no ring)

@: mighty, glowing
A: sense surroundings 1, otherworldly, glowing, explore regen
a: Renounce Religion, Heroism


You were in an ossuary.
You worshipped Okawaru.
Okawaru was aware of your devotion.
You visited 1 branch of the dungeon, and saw 4 of its levels.
You also visited: Ossuary.

You collected 127 gold pieces.

Inventory:

Hand Weapons
 a - a +1 long sword of chaos (weapon)
 b - a +1 dagger of flaming
Missiles
 e - 3 stones (quivered)
Armour
 c - a +0 buckler (worn)
 f - a +0 helmet (worn)
 h - a +0 scale mail (worn)
 i - a +0 pair of gloves (worn)
 m - a +0 pair of boots (worn)
Potions
 g - a potion of resistance {unknown}
 j - a potion of magic {unknown}
 k - a potion of flight {unknown}
 l - a potion of berserk rage {unknown}


   Skills:
 - Level 4.0 Fighting
 * Level 4.1 Long Blades
 + Level 1.0 Throwing
 - Level 4.0 Armour
 * Level 3.1 Dodging
 - Level 2.0 Stealth
 - Level 4.0 Shields
 * Level 2.0 Invocations


You had 5 spell levels left.
You didn't know any spells.
Your spell library was empty.

Dungeon Overview and Level Annotations

Branches:
Dungeon (4/15) Zot: 1557  Ossuary (1/1) Zot: 506
 Temple: D:4-7

Altars:
Okawaru


Innate Abilities, Weirdness & Mutations

You passively map a small area around you.
You are easily found by Zot.
You glow in the dark.
You regain HP and MP as you explore.


Message History

* * * LOW HITPOINT WARNING * * *
You slash the hobgoblin zombie!
You destroy the hobgoblin zombie!
Okawaru accepts your kill.
The hobgoblin zombie hits you but does no damage.
You slice the hobgoblin zombie!!
You destroy the hobgoblin zombie!
Okawaru accepts your kill.
The mummy fails to trigger a net trap.
A mummy comes into view.
A mummy comes into view.
The sentinel's mark upon you fades away.
Throw: 6 stones
Press: ? - help, Shift-Dir - straight line, f - mummy
Aim: a mummy (75% to hit)
You throw a stone.
The stone hits the mummy but does no damage.
Unknown command.
Throw: 5 stones
Press: ? - help, Q - select action, (/) - cycle Shift-Dir - straight line, f/p - mummy
Aim: a mummy (75% to hit)
You throw a stone. The stone hits the mummy.
The mummy is lightly damaged.
Unknown command.
Throw: 4 stones
Press: ? - help, Q - select action, (/) - cycle Shift-Dir - straight line, f/p - mummy
Aim: a mummy (lightly damaged, 75% to hit)
You throw a stone. The stone closely misses the mummy.
Unknown command.
You closely miss the mummy.
The mummy is lightly damaged.
You block the mummy's attack.
You barely miss the mummy.
The mummy is lightly damaged.
The mummy hits you.
* * * LOW HITPOINT WARNING * * *
You hit the mummy.
The mummy is moderately damaged.
The mummy hits you!
You die...

######
.#.#.#.###########
.....^...........##
.......^..........#
........^.∩.∩.....#
..^.........M.....#
............M@...##
.#.#.#.###########
* # ##*


You could see 2 mummies.

Vanquished Creatures
  5 centaur zombies (Ossuary)
  3 mummies (Ossuary)
  An adder (D:2)
  A worm (D:4)
  4 dart slugs
  An orc (D:3)
  2 endoplasms (D:4)
  A giant cockroach (D:1)
  3 goblins
  5 hobgoblins
  7 jackals
  2 quokkas
  3 ball pythons
  2 bats
  2 frilled lizards (D:2)
  3 hobgoblin zombies (Ossuary)
  2 kobolds
47 creatures vanquished.

Vanquished Creatures (others)
  A quokka (D:1)
1 creature vanquished.

Grand Total: 48 creatures vanquished

Notes
Turn   | Place    | Note
-------+----------+-------------------------------------------
     0 | D:1      | tilp the Meteoran Fighter began the quest for the Orb.
     0 | D:1      | Reached XP level 1. HP: 19/19 MP: 2/2
    62 | D:1      | Reached XP level 2. HP: 26/26 MP: 3/3
   158 | D:1      | Reached skill level 1 in Dodging
   158 | D:1      | Reached XP level 3. HP: 31/31 MP: 4/4
   174 | D:2      | Found an iron altar of Okawaru.
   222 | D:2      | Became a worshipper of Warmaster Okawaru
   371 | D:2      | Reached XP level 4. HP: 39/39 MP: 5/5
   547 | D:4      | Reached skill level 1 in Stealth
   798 | D:4      | Found a sand-covered staircase.
   805 | Ossuary  | Entered an ossuary
   819 | Ossuary  | Reached XP level 5. HP: 28/46 MP: 6/6
   842 | Ossuary  | Reached skill level 1 in Invocations
   842 | Ossuary  | Reached XP level 6. HP: 18/52 MP: 7/7
   861 | Ossuary  | Reached * piety under Okawaru
   872 | Ossuary  | Reached skill level 1 in Throwing
   886 | Ossuary  | Slain by a mummy

Illustrated notes

Levels and vault maps discovered:
D:1:      matt_arrival_refuge, layout_loops_ring, reono_crystal_passage
D:2:      layout_loops_ring, serial_shops, nicolae_shop_behind_doors,
          basic_altar, hellmonk_ecumenical_altar_leap_of_faith
D:3:      layout_basic, hellmonk_okawaru_the_only_friend_you_need,
          minmay_quadrilaterals, uniq_sigmund
D:4:      layout_basic, grunt_temple_overflow_open, enter_ossuary_3
Ossuary:  ossuary_the_hunt_dpeg

Skill      XL: |  1  2  3  4  5  6 |
---------------+-------------------+-----
Dodging        | 1 2 3 |  3.1
Long Blades    | 3 4 |  4.1
Stealth        | 1 2 |  2.0
Shields        | 4 |  4.0
Armour         | 4 |  4.0
Fighting       | 4 |  4.0
Invocations    | 1 2 |  2.0
Throwing       | 1 |  1.0

Action                     |  1- 3 |  4- 6 || total
---------------------------+-------+-------++-------
  Melee: Long sword        |    95 |    77 ||   172
  Throw: Stone             |       |     3 ||     3
    Use: Scroll            |     4 |     2 ||     6
         Potion            |       |     1 ||     1
 Armour: Scale mail        |    59 |    85 ||   144
  Dodge: Dodged            |    35 |    56 ||    91
  Block: Buckler           |    17 |    39 ||    56

Table legend: (Time is in decaauts)
 A = Elapsed time spent in this place.
 B = Non-inter-level travel time spent in this place.
 C = Inter-level travel time spent in this place.
 D = Time resting spent in this place.
 E = Time spent auto-exploring this place.
 F = Levels seen in this place.
 G = Mean time per level.
                   A        B        C        D        E       F      G
               +--------+--------+--------+--------+--------+-----+--------+
         Total |    935 |    853 |     82 |     37 |      0 |   5 |  187.0 |
       Dungeon |    842 |    760 |     82 |     37 |      0 |   4 |  210.5 |
       Ossuary |     92 |     92 |      0 |      0 |      0 |   1 |   92.0 |
               +--------+--------+--------+--------+--------+-----+--------+

Top non-repeatable levels by time:
     D:4: 333 daAuts
     D:2: 282 daAuts
     D:1: 121 daAuts
     D:3: 104 daAuts
 Ossuary: 92 daAuts
